 Dungeon Crawl Stone Soup version 0.18-a0-1171-ga8e22e7 (webtiles) character file.

9965 Kidiri the Thaumaturge (level 11, 0/48 HPs)
             Began as a Deep Elf Fire Elementalist on Jan 26, 2016.
             Was an Elder of Vehumet.
             Slain by an unseen horror (1 damage)
             ... on level 11 of the Dungeon.
             The game lasted 00:57:39 (15501 turns).

Kidiri the Thaumaturge (DEFE)                      Turns: 15501, Time: 00:57:39

Health: 0/48       AC:  7    Str:  5    XL:     11   Next: 30%
Magic:  33/36      EV: 18    Int: 25    God:    Vehumet [****..]
Gold:   538        SH:  0    Dex: 15    Spells: 11 memorised, 2 levels left

rFire  . . .     SeeInvis .     F - +1 rapier
rCold  + + +     Gourm    .     Q - +3 leather armour {rC+}
rNeg   . . .     Faith    .     (no shield)
rPois  .         Spirit   .     (no helmet)
rElec  .         Dismiss  .     B - +0 cloak of Koun {rC++ MR+ MP+9 Int+3}
rCorr  .         Reflect  .     (no gloves)
SustAt .         Harm     .     (no boots)
MR     ++...                    G - amulet of magic regeneration
Stlth  +++.......               v - +3 ring of evasion
                                L - ring of wizardry

@: very slightly contaminated, hasted, very quick, very resistant to hostile
enchantments, fairly stealthy
A: hooves 1, dopey 1, frail 2, wild magic 1
a: Renounce Religion


You were on level 11 of the Dungeon.
You worshipped Vehumet.
Vehumet was greatly pleased with you.
You were hungry.

You visited 2 branches of the dungeon, and saw 12 of its levels.

You collected 538 gold pieces.

Inventory:

Hand Weapons
 F - a +1 rapier (weapon)
Armour
 i - a +0 ring mail
 k - a +0 leather armour
 z - a +0 buckler
 B - the +0 cloak of Koun (worn) {rC++ MR+ MP+9 Int+3}
   (You found it on level 7 of the Dungeon)

   It affects your intelligence (+3).
   It greatly protects you from cold.
   It affects your resistance to hostile enchantments.
   It affects your magic capacity (+9).
 O - a troll hide
 Q - a +3 leather armour of cold resistance (worn)
Magical Staves
 t - an uncursed staff of energy
 N - an uncursed staff of wizardry
Jewellery
 d - a +5 ring of strength
 v - a +3 ring of evasion (right hand)
 G - an amulet of magic regeneration (around neck)
 L - a ring of wizardry (left hand)
Wands
 b - a wand of magic darts (15/48)
 f - a wand of enslavement (6/24)
 h - a wand of random effects (24/48)
 o - a wand of frost (21/48)
 u - a wand of frost (28/48)
 x - a wand of flame (29/48)
 y - a wand of draining (8/15)
 C - a wand of lightning (9/15)
 H - a wand of frost (21/48)
 K - a wand of polymorph (14/24)
Scrolls
 e - 3 scrolls of amnesia
 m - 10 scrolls of teleportation
 A - a scroll of recharging
 D - 2 scrolls of magic mapping
 J - a scroll of random uselessness {unknown}
 P - a scroll of torment {unknown}
 R - a scroll of remove curse
Potions
 g - a potion of resistance
 j - 2 potions of cancellation
 l - 2 potions of cure mutation
 n - a potion of haste
 p - 5 potions of lignification
 q - 4 potions of invisibility
 s - a potion of agility
 E - 2 potions of brilliance
Books
 a - a book of Enchantments

   Spells                             Type                      Level
   a - Cause Fear                     Hexes                        4
   b - Yara's Violent Unravelling     Hexes/Transmutation          5
   c - Silence                        Hexes/Air                    5
   d - Deflect Missiles               Charms/Air                   6
   e - Haste                          Charms                       6
   f - Discord                        Hexes                        8
 r - a book of Maledictions

   Spells                             Type                      Level
   a - Corona                         Hexes                        1
   b - Ensorcelled Hibernation        Hexes/Ice                    2
   c - Confuse                        Hexes                        3
   d - Tukima's Dance                 Hexes                        3
   e - Dazzling Spray                 Conjuration/Hexes            3
 T - a book of Clouds

   Spells                             Type                      Level
   a - Mephitic Cloud                 Conjuration/Poison/Air       3
   b - Conjure Flame                  Conjuration/Fire             3
   c - Poisonous Cloud                Conjuration/Poison/Air       6
   d - Freezing Cloud                 Conjuration/Ice/Air          6
   e - Ring of Flames                 Charms/Fire                  7
Comestibles
 c - 7 bread rations
 I - 8 slices of pizza
 M - a meat ration


   Skills:
 + Level 3.8 Fighting
 + Level 4.8 Short Blades
 + Level 3.8 Armour
 * Level 7.9 Dodging
 + Level 7.3 Stealth
 + Level 3.7 Shields
 * Level 10.1 Spellcasting
 + Level 5.5 Conjurations
 + Level 5.3 Hexes
 + Level 6.5 Fire Magic
 + Level 3.8 Ice Magic
 + Level 4.1 Poison Magic


You had 2 spell levels left.
You knew the following spells:

 Your Spells              Type           Power        Failure   Level  Hunger
a - Flame Tongue          Conj/Fire      #####        1%          1    None
b - Throw Flame           Conj/Fire      ######       1%          2    None
c - Conjure Flame         Conj/Fire      ######..     1%          3    None
d - Inner Flame           Hex/Fire       ######..     1%          3    None
e - Sticky Flame          Conj/Fire      ######..     1%          4    None
f - Fireball              Conj/Fire      ######....   3%          5    ####...
g - Sting                 Conj/Pois      ####         1%          1    None
h - Corona                Hex            ######.      1%          1    None
i - Ensorcelled Hibernat  Hex/Ice        ######       2%          2    None
j - Dazzling Spray        Conj/Hex       ######..     1%          3    None
k - Confuse               Hex            ######..     2%          3    None


Dungeon Overview and Level Annotations

Branches:
Dungeon (11/15)            Temple (1/1) D:6            Lair (0/8) D:11
    Orc (0/2) D:9

Altars:
Ashenzari
Cheibriados
Dithmenos
Elyvilon
Fedhas
Gozag
Kikubaaqudgha
Makhleb
Nemelex Xobeh
Okawaru
Pakellas
Qazlal
Ru
Sif Muna
Trog
Vehumet
Xom
Yredelemnul
Zin
The Shining One

Shops:
D:7 (   D:10 %


Innate Abilities, Weirdness & Mutations

You have large cloven feet.
You are dopey. (Int -2)
You are very frail (-20% HP).
Your spells are a little harder to cast, but a little more powerful.


Message History

* * * LOW HITPOINT WARNING * * *
Unknown command.
Drink which item? (? for menu, Esc to quit)
You feel yourself speed up. Something completely misses you.
The adder closely misses you.
You are very lightly contaminated with residual magic.
Something hits you.
* * * LOW HITPOINT WARNING * * *
Something hits you but does no damage.
Unknown command.
Something closely misses you. Something hits you but does no damage.
Something barely misses you.
Found a beef jerky.
Something barely misses you.
There is an open door here.
Something hits you.
* * * LOW HITPOINT WARNING * * *
Something hits you.
You die...

. ## ..
##+###########.
..
#......)##...'o
..
#.......##.###.
#. #.......#.)#
#.
#%####.......#.##
#.
#..@##.......'.#
#.
###..'S......###
#. ####../....#
#) ######### ##


You could see an adder.

Vanquished Creatures
  Maud (D:9)
  A cyclops (D:9)
  A guardian serpent (D:9)
  Maurice (D:8)
  2 trolls (D:9)
  Grinder (D:4)
  A spriggan (D:8)
  7 yaks
  2 wyverns
  A hungry ghost (D:10)
  Menkaure (D:4)
  2 hippogriffs
  A water moccasin (D:9)
  2 black bears
  4 orc warriors
  2 eyes of draining (D:8)
  3 ice beasts
  5 phantoms
  2 necrophages (D:6)
  2 ogres
  3 centaurs
  7 big kobolds
  4 giant frogs
  2 wyvern zombies
  A water moccasin skeleton (D:4)
  2 scorpions
  6 killer bees
  4 wights (D:9)
  2 electric eels (D:7)
  3 crimson imps
  2 giant frog zombies
  2 centaur zombies
  4 orc priests
  6 hounds
  3 jellies
  6 orc wizards
  Jessica (D:4)
  3 centaur skeletons
  Natasha (thrice) (D:2)
  5 iguanas
  6 worker ants
  2 sheep (D:9)
  A hound zombie (D:9)
  2 worker ant zombies
  5 gnolls
  12 adders
  4 shadow imps
  An ooze (D:7)
  8 giant geckos
  27 orcs
  16 bats
  4 giant cockroaches
  7 goblins
  5 hobgoblins
  10 jackals
  7 quokkas
  2 giant newts
  A jackal skeleton (D:4)
  19 kobolds
  8 rats
258 creatures vanquished.

Notes
Turn   | Place    | Note
--------------------------------------------------------------
     0 | D:1      | Kidiri the Deep Elf Fire Elementalist began the quest for the Orb.
     0 | D:1      | Reached XP level 1. HP: 10/10 MP: 6/6
   347 | D:1      | Reached XP level 2. HP: 15/15 MP: 1/8
   351 | D:1      | Learned a level 2 spell: Throw Flame
  1003 | D:2      | Reached XP level 3. HP: 16/19 MP: 1/10
  1054 | D:2      | Learned a level 3 spell: Conjure Flame
  1058 | D:2      | Learned a level 3 spell: Inner Flame
  1609 | D:2      | Noticed Natasha
  1620 | D:2      | Killed Natasha
  1620 | D:2      | Reached skill level 1 in Armour
  1620 | D:2      | Reached skill level 4 in Spellcasting
  1620 | D:2      | Reached skill level 1 in Hexes
  1620 | D:2      | Reached XP level 4. HP: 7/24 MP: 0/12
  1740 | D:2      | Noticed Natasha
  1748 | D:2      | Killed Natasha
  1955 | D:2      | Noticed Natasha
  1960 | D:2      | Killed Natasha
  1960 | D:2      | Reached skill level 1 in Short Blades
  2259 | D:2      | Reached XP level 5. HP: 28/28 MP: 8/13
  2265 | D:2      | Learned a level 4 spell: Sticky Flame
  2553 | D:3      | Found a radiant altar of Vehumet.
  2568 | D:3      | Became a worshipper of Vehumet
  2682 | D:3      | Gained mutation: You expend magic power (3 MP) to strengthen your wands. [potion of mutation]
  2682 | D:3      | Gained mutation: You have large cloven feet. [potion of mutation]
  2682 | D:3      | Gained mutation: Your spells are a little harder to cast, but a little more powerful. [potion of mutation]
  2910 | D:3      | Found a faded altar to an unknown god.
  3614 | D:4      | Reached skill level 5 in Spellcasting
  4058 | D:4      | Reached * piety under Vehumet
  4058 | D:4      | Offered knowledge of Sting by Vehumet.
  4058 | D:4      | Reached XP level 6. HP: 30/33 MP: 12/16
  4089 | D:4      | Reached skill level 1 in Fighting
  4547 | D:4      | Noticed Menkaure
  4557 | D:4      | Noticed Grinder
  4560 | D:4      | Killed Menkaure
  4560 | D:4      | Reached XP level 7. HP: 38/38 MP: 0/17
  4573 | D:4      | Reached skill level 6 in Spellcasting
  4594 | D:4      | Paralysed by Grinder for 4 turns
  4606 | D:4      | Killed Grinder
  5013 | D:4      | Learned a level 5 spell: Fireball
  5107 | D:4      | Reached XP level 8. HP: 42/44 MP: 7/19
  5120 | D:4      | Learned a level 1 spell: Sting
  5357 | D:4      | Noticed Jessica
  5374 | D:4      | Killed Jessica
  5452 | D:4      | Reached skill level 5 in Dodging
  5591 | D:4      | Learned a level 1 spell: Corona
  5750 | D:4      | Found a deep blue altar of Sif Muna.
  5821 | D:5      | Entered Level 5 of the Dungeon
  6255 | D:5      | Offered knowledge of Magic Dart by Vehumet.
  6257 | D:5      | Reached ** piety under Vehumet
  6451 | D:5      | Found a shimmering altar of Xom.
  6459 | D:5      | Found a shimmering altar of Xom.
  6460 | D:5      | Found a shimmering altar of Xom.
  6892 | D:5      | Found a shimmering altar of Xom.
  7174 | D:6      | Reached skill level 5 in Stealth
  7324 | D:6      | Found a shattered altar of Ashenzari.
  7376 | D:6      | Reached skill level 1 in Shields
  7376 | D:6      | Reached skill level 7 in Spellcasting
  7513 | D:6      | Reached skill level 5 in Fire Magic
  7590 | D:6      | Found a shadowy altar of Dithmenos.
  7594 | D:6      | Reached skill level 1 in Poison Magic
  7637 | D:6      | Found a staircase to the Ecumenical Temple.
  7645 | Temple   | Entered the Ecumenical Temple
  8227 | D:7      | Reached XP level 9. HP: 20/49 MP: 14/22
  8417 | D:6      | Learned a level 2 spell: Ensorcelled Hibernation
  8946 | D:7      | Got a faintly humming cloak
  8957 | D:7      | Identified the cursed +0 cloak of Koun {rC++ MR+ MP+9 Int+3} (You found it on level 7 of the Dungeon)
  9032 | D:7      | Found Hergha Juivu's Antique Weapon Shoppe.
  9682 | D:6      | Offered knowledge of Searing Ray by Vehumet.
  9772 | D:8      | Noticed Maurice
  9886 | D:8      | Reached skill level 1 in Ice Magic
  9886 | D:8      | Reached *** piety under Vehumet
 10088 | D:8      | Found a bloodstained altar of Trog.
 10098 | D:8      | Killed Maurice
 10098 | D:8      | Reached skill level 8 in Spellcasting
 10173 | D:8      | Found a sacrificial altar of Ru.
 10892 | D:7      | Learned a level 3 spell: Dazzling Spray
 11207 | D:8      | Reached XP level 10. HP: 54/56 MP: 24/24
 11302 | D:8      | Found a snail-covered altar of Cheibriados.
 11412 | D:8      | Offered knowledge of Force Lance by Vehumet.
 11680 | D:9      | Reached skill level 9 in Spellcasting
 11805 | D:9      | Noticed a guardian serpent
 11813 | D:9      | Killed a guardian serpent
 11818 | D:9      | Gained mutation: You are frail (-10% HP). [mutagenic meat]
 11819 | D:9      | Gained mutation: You are dopey. (Int -2) [mutagenic meat]
 11820 | D:9      | Gained mutation: You are very frail (-20% HP). [mutagenic meat]
 11821 | D:9      | Lost mutation: You expend magic power (3 MP) to strengthen your wands. [mutagenic meat]
 12047 | D:9      | Found a blossoming altar of Fedhas.
 12464 | D:9      | Noticed a cyclops
 12482 | D:9      | Killed a cyclops
 12782 | D:9      | Reached **** piety under Vehumet
 12855 | D:9      | Found a staircase to the Orcish Mines.
 12890 | D:9      | Learned a level 3 spell: Confuse
 12998 | D:10     | Entered Level 10 of the Dungeon
 13010 | D:10     | Noticed Maud
 13079 | D:9      | Killed Maud
 13079 | D:9      | Reached skill level 5 in Conjurations
 13537 | D:10     | Reached XP level 11. HP: 48/48 MP: 22/26
 13537 | D:10     | Offered knowledge of Iskenderun's Mystic Blast by Vehumet.
 14107 | D:10     | Found Useuwineg's Food Shoppe.
 14117 | D:10     | Reached skill level 5 in Hexes
 14447 | D:10     | Identified a scroll of acquirement
 14600 | D:10     | Reached skill level 10 in Spellcasting
 15161 | D:11     | Found a staircase to the Lair.
 15500 | D:11     | HP: 1/48 [something (2)]
 15501 | D:11     | Slain by an unseen horror

Vault maps used:
D:1:      eino_arrival_cavern_a
D:2:      uniq_natasha
D:3:      vehumet_altar_wand_db, first_bread, ecumenical_altar_1
D:4:      tgw_sif, nicolae_underground_beach, uniq_menkaure, uniq_grinder
D:5:      xom_redecorated
D:6:      nicolae_dithmenos_the_darkroom, temple_statues, basic_altar
D:7:      serial_shops, nicolae_shop_stone, kennysheep_generic_room_2
D:8:      trog_eyes_of_draining, kennysheep_mini_moat, hangedman_ru_absence,
          special_room, grunt_pizzeria, uniq_maurice
D:9:      lemuel_crystal_altar, orc_0_dummy, nrook_guardian_serpent_double
D:10:     serial_shops, shop, uniq_maud
D:11:     due_lair_maze_entry_diamond
Temple:   zaba_magenta_temple_12

Action                   |  1- 3 |  4- 6 |  7- 9 | 10-12 || total
-------------------------+-------+-------+-------+-------++-------
Melee: Short sword       |    19 |    26 |    51 |       ||    96
       Rapier            |       |       |    23 |    17 ||    40
       Staff             |       |       |       |    13 ||    13
 Cast: Flame Tongue      |    35 |    55 |    98 |   128 ||   316
       Throw Flame       |    20 |    26 |    88 |    62 ||   196
       Inner Flame       |       |     5 |     8 |    15 ||    28
       Conjure Flame     |       |     4 |     8 |    12 ||    24
       Sting             |       |       |    12 |       ||    12
       Corona            |       |       |    12 |       ||    12
       Sticky Flame      |       |       |    14 |    22 ||    36
       Ensorcelled Hiber |       |       |     8 |       ||     8
       Confuse           |       |       |       |     2 ||     2
Evoke: Wand              |       |       |       |     1 ||     1
  Use: Scroll            |     5 |     4 |     8 |     7 ||    24
       Potion            |       |     3 |     9 |     6 ||    18
 Stab: Sleeping          |     1 |     5 |     2 |     4 ||    12
       Invisible         |       |       |     3 |       ||     3
       Confused          |       |       |       |     1 ||     1
  Eat: Chunk             |     2 |    10 |    11 |    10 ||    33
       Beef jerky        |       |       |     4 |       ||     4
       Meat ration       |       |       |     1 |       ||     1
       Fruit             |       |       |     1 |       ||     1
       Bread ration      |       |       |       |     1 ||     1
       Royal jelly       |       |       |       |     1 ||     1
